 Dungeon Crawl Stone Soup version 0.30-a0-870-gc5d4c5a (webtiles) character file.

Game seed: 6784202805724433276

46 Dorkslayer the Trooper (level 3, 0/17 (33) HPs)
             Began as a Hill Orc Fighter on Mar 10, 2023.
             Slain by Terence
             ... wielding a +1 flail of draining
              (1 damage)
             ... on level 3 of the Dungeon.
             The game lasted 00:03:31 (1348 turns).

Dorkslayer the Trooper (Hill Orc Fighter)           Turns: 1348, Time: 00:03:33

HP:   0/17 (33)     AC: 10    Str: 20    XL:     3   Next: 68%
MP:   12/12         EV:  7    Int:  8    God:
Gold: 52            SH:  4    Dex: 10    Spells: 2/2 levels left

rFire   . . .      SeeInvis .    a - +0 war axe
rCold   . . .      Faith    .    c - +0 buckler
rNeg    . . .      Spirit   .    o - +0 chain mail
rPois   .          Reflect  .    (no helmet)
rElec   .          Rampage  .    (no cloak)
rCorr   .                        l - +0 pair of gloves
Will    .....                    (no boots) Stlth
                                 (no amulet)
HPRegen 0.22/turn                k - ring of magical power
MPRegen 0.13/turn                (no ring)

@: very heavily drained
A: no striking features
a: no special abilities


You were on level 3 of the Dungeon.
You visited 1 branch of the dungeon, and saw 3 of its levels.

You collected 52 gold pieces.

Inventory:

Hand Weapons
 a - a +0 war axe (weapon)
Missiles
 q - 4 boomerangs (quivered)
Armour
 b - a +0 scale mail
 c - a +0 buckler (worn)
 l - a +0 pair of gloves (worn)
 o - a +0 chain mail (worn)
Jewellery
 k - a ring of magical power (left hand)
Scrolls
 e - a scroll of enchant armour {unknown}
 f - a scroll of acquirement {unknown}
 g - a scroll of fear {unknown}
 h - a scroll of blinking {unknown}
 j - a scroll of amnesia {unknown}
 m - a scroll of immolation {unknown}
 p - a scroll of magic mapping {unknown}
 r - a scroll of noise {unknown}
Potions
 d - a potion of might
 i - 2 potions of degeneration {unknown}
 n - a potion of attraction {unknown}


   Skills:
 + Level 4.0 Fighting
 + Level 3.3 Axes
 + Level 3.6 Armour
 * Level 1.2 Dodging
 + Level 3.6 Shields


You had 2 spell levels left.
You didn't know any spells.
Your spell library contained the following spells:

 Spells                   Type           Power      Damage    Failure   Level
 Sublimation of Blood     Necr           0%         N/A       100%        2
 Petrify                  Tmut/Erth      0%         N/A       100%        4
 Irradiate                Conj/Tmut      0%         3d11      100%        5


Dungeon Overview and Level Annotations

Branches:
Dungeon (3/15)

Altars:

Annotations:
D:3 Terence


Message History

You feel drained.
You barely miss Terence.
Terence is heavily wounded.
Terence barely misses you. Terence hits you but does no damage.
You feel drained.
You hit Terence but do no damage.
Terence is heavily wounded.
You block Terence's attack.
You barely miss Terence.
Terence is heavily wounded.
You block Terence's attack.
You closely miss Terence.
Terence is heavily wounded.
Terence barely misses you. x2
You hit Terence but do no damage.
Terence is heavily wounded.
Terence hits you with a +1 flail of draining.
You feel drained.
You closely miss Terence.
Terence is heavily wounded.
You block Terence's attack.
You barely miss Terence.
Terence is heavily wounded.
Terence hits you but does no damage.
You feel drained.
Terence hits you with a +1 flail of draining.
You feel drained.
You hit Terence but do no damage.
Terence is heavily wounded.
Terence hits you with a +1 flail of draining.
* * * LOW HITPOINT WARNING * * *
You feel drained.
* * * LOW HITPOINT WARNING * * *
You hit Terence but do no damage.
Terence is heavily wounded.
Terence screams, "I'm going to kill you!"
Terence closely misses you.
Terence hits you with a +1 flail of draining.
* * * LOW HITPOINT WARNING * * *
You feel drained.
You die...

###### .....# ####.# #.#
#.# #.# ####.#
..>#.###################
##..............@@......
...#.###############...#
##.#....### # #.#......#
#.#......# #.#......#
##.#..#.### .#.#..#.#
.#<...#.#


You could see Terence.

Vanquished Creatures
  An adder (D:2)
  A worm (D:2)
  An orc (D:3)
  4 bats
  A giant cockroach (D:1)
  A goblin (D:1)
  4 hobgoblins
  4 jackals (D:2)
  4 quokkas
  3 ball pythons
  2 frilled lizards (D:2)
  3 kobolds
  2 rats
31 creatures vanquished.

Vanquished Creatures (others)
  5 plants (D:2)
  4 toadstools (D:1)
9 creatures vanquished.

Grand Total: 40 creatures vanquished

Notes
Turn   | Place    | Note
-------+----------+-------------------------------------------
     0 | D:1      | Dorkslayer the Hill Orc Fighter began the quest for the
                  | Orb.
     0 | D:1      | Reached XP level 1. HP: 19/19 MP: 1/1
   168 | D:1      | Reached XP level 2. HP: 27/27 MP: 2/2
   665 | D:2      | Reached skill level 1 in Dodging
   665 | D:2      | Reached XP level 3. HP: 33/33 MP: 3/3
   872 | D:2      | Reached skill level 4 in Fighting
  1197 | D:3      | Found a faded altar of an unknown god.
  1321 | D:3      | Noticed Terence
  1348 | D:3      | Slain by Terence

Illustrated notes

Levels and vault maps discovered:
D:1:      ldierk_walled_garden_2, layout_rooms, serial_park_tiny_1
D:2:      layout_rooms, serial_bayou, serial_bayou_shore_a,
          serial_bayou_crossing, serial_bayou_ford_a, serial_bayou_pond_d
D:3:      layout_basic, overflow_temple_1_default,
          nicolae_overflow_crystal_walls, basic_ecumenical_altar, uniq_terence

Skill      XL: |  1  2  3 |
---------------+----------+-----
Axes           | 3 |  3.3
Dodging        | 1 |  1.2
Fighting       | 4 |  4.0
Armour         | |  3.6
Shields        | |  3.6

Action                     || total
---------------------------++-------
  Melee: War axe           ||   132
  Throw: Boomerang         ||     2
 Armour: Scale mail        ||    63
         Chain mail        ||    11
  Dodge: Dodged            ||    74
  Block: Buckler           ||    30

Table legend: (Time is in decaauts)
 A = Elapsed time spent in this place.
 B = Non-inter-level travel time spent in this place.
 C = Inter-level travel time spent in this place.
 D = Time resting spent in this place.
 E = Time spent auto-exploring this place.
 F = Levels seen in this place.
 G = Mean time per level.
                   A        B        C        D        E       F      G
               +--------+--------+--------+--------+--------+-----+--------+
         Total |   1441 |   1441 |      0 |     53 |    682 |   3 |  480.3 |
       Dungeon |   1441 |   1441 |      0 |     53 |    682 |   3 |  480.3 |
               +--------+--------+--------+--------+--------+-----+--------+

Top non-repeatable levels by time:
     D:2: 776 daAuts
     D:1: 433 daAuts
     D:3: 230 daAuts
